Map: Triton LE

Players

Kopankiewicz (Blysk) - Winner!

  • Race: Protoss Protoss
  • League: Bronze
  • Spawn Location: 5:00

Khun (Ranger)

  • Race: Protoss Protoss
  • Spawn Location: 11:00

Event: SEA Games 2019

VOD

https://youtu.be/rG_ACYumlWk

Description

Time

  • Played on: Dec. 6, 2019, 1:32 a.m.
  • Length: 8:57

All games in this series

Show
View Real Time Build Order
Export as new Build Order

Kopankiewicz Protoss - Winner!

Build Orders: Blink Stalkers 

Get SALT Encoding   

  12  0:00  Probe  
  13  0:12  Probe  
  14  0:17  Pylon  
  14  0:25  Probe (Chrono Boost)  
  15  0:37  Probe (Chrono Boost), Gateway  
  16  0:43  Assimilator  
  16  0:45  Probe (Chrono Boost)  
  17  0:53  Probe  
  18  0:59  Assimilator  
  18  1:05  Probe (Chrono Boost)  
  19  1:13  Gateway  
  19  1:17  Probe (Chrono Boost)  
  20  1:21  Probe (Chrono Boost)  
  20  1:24  Cybernetics Core  
  21  1:31  Probe  
  22  1:35  Pylon  
  22  1:44  Probe  
  23  1:53  Gateway  
  23  1:58  Warp Gate (Chrono Boost)  
  23  2:00  Stalker  
  25  2:06  Stalker  
  27  2:11  Probe  
  28  2:17  Pylon  
  28  2:30  Stalker  
  28  2:36  Stalker  
  31  2:41  Stalker  
  33  2:51  Pylon  
  33  3:00  Pylon  
  33  3:11  Twilight Council  
  33  3:32  Shield Battery  
  33  3:39  Stalker x3  
  39  3:42  Pylon  
  39  3:43  Probe  
  40  3:54  Blink (Chrono Boost)  
  38  4:07  Stalker x2  
  38  4:24  Stalker  
  38  4:30  Stalker x2  
  44  4:44  Robotics Facility  
  44  4:53  Pylon  
  44  4:57  Stalker  
  46  5:06  Adept x2  
  50  5:22  Stalker  
  50  5:26  Pylon  
  52  5:31  Observer  
  53  5:47  Nexus  
  53  6:02  Stargate  
  53  6:03  Probe  
  50  6:13  Charge  
  50  6:15  Probe  
  51  6:20  Gateway  
  51  6:28  Probe  
  48  6:40  Probe  
  49  6:52  Probe  
  44  6:54  Stalker x2  
  44  6:58  Phoenix (Chrono Boost)  
  50  7:04  Probe  
  50  7:07  Probe  
  45  7:16  Probe  
  45  7:20  Probe  
  47  7:30  Phoenix (Chrono Boost)  
  47  7:32  Probe x2  
  47  7:34  Observer  
  51  7:43  Gateway  
  51  7:44  Probe x2  
  51  7:47  Zealot x3  
  59  8:01  Phoenix (Chrono Boost)  
  61  8:10  Zealot x2  
  61  8:11  Zealot  
  67  8:21  Probe  
  68  8:28  Phoenix  
  68  8:31  Probe  
  67  8:38  Probe  
  69  8:41  Pylon  
  69  8:43  Probe  
Show
View Real Time Build Order
Export as new Build Order

Khun Protoss 

Build Orders:  

Get SALT Encoding   

  12  0:00  Probe  
  13  0:12  Probe  
  14  0:20  Pylon  
  14  0:24  Probe (Chrono Boost)  
  15  0:38  Gateway  
  15  0:39  Probe (Chrono Boost)  
  16  0:46  Probe (Chrono Boost)  
  16  0:47  Assimilator  
  17  0:53  Probe (Chrono Boost)  
  17  0:55  Assimilator  
  18  1:05  Probe (Chrono Boost)  
  18  1:08  Gateway  
  19  1:13  Probe (Chrono Boost)  
  20  1:20  Probe  
  20  1:24  Cybernetics Core  
  21  1:30  Pylon  
  21  1:34  Probe  
  22  1:46  Probe  
  23  1:58  Probe  
  23  1:59  Warp Gate (Chrono Boost)  
  18  2:01  Adept x2  
  28  2:14  Pylon  
  28  2:15  Probe  
  29  2:22  Pylon  
  29  2:31  Adept  
  29  2:32  Adept  
  33  2:43  Shield Battery  
  33  2:45  Robotics Facility  
  33  2:49  Gateway  
  33  3:11  Adept  
  33  3:12  Adept  
  37  3:20  Pylon  
  37  3:37  Warp Prism  
  39  3:50  Pylon  
  37  3:59  Stalker x2, Sentry  
  41  4:07  Pylon  
  41  4:11  Shield Battery  
  38  4:22  Stalker  
  38  4:23  Stalker  
  40  4:25  Pylon  
  40  4:29  Observer (Chrono Boost)  
  41  4:34  Sentry  
  42  4:39  Robotics Bay  
  42  4:46  Stalker  
  44  5:03  Immortal  
  48  5:14  Adept  
  50  5:36  Nexus  
  50  5:43  Disruptor (Chrono Boost)  
  53  5:54  Stalker  
  49  6:01  Probe  
  50  6:09  Twilight Council  
  50  6:13  Probe  
  51  6:19  Pylon  
  49  6:27  Stalker  
  49  6:28  Sentry  
  47  6:38  Stalker  
  41  6:51  Stalker  
  38  6:57  Stalker  
  42  7:37  Stalker  
  42  7:38  Stalker x2  
  46  7:58  Nexus  
  42  8:28  Stalker x3  
Tags
 
Composition
Blink Stalkers
League
Bronze
Matchup
PvP
Spawn Locations
Cross Positions
Add a new tag
Caveats
  • Supply blocks, unpowered buildings, or Contaminate may cause inaccurate times.
  • Supply counts are checked every 10 seconds.